Map: Paladino-Terminal LE

Players

Mercury

  • Race: Terran Terran
  • Spawn Location: 5:00

fKingTards - Winner!

  • Race: Zerg Zerg
  • League: Platinum
  • Spawn Location: 9:00

VOD

Have the link to the VOD?

Description

Time

  • Played on: Feb. 6, 2017, 11:58 p.m.
  • Length: 14:07
Show
View Real Time Build Order
Export as new Build Order

Mercury Terran 

Build Orders: Command Center First (CC), Mech 

Get SALT Encoding   

  12  0:01  SCV  
  13  0:13  SCV  
  14  0:28  Supply Depot  
  14  0:32  SCV  
  15  1:00  Command Center  
  15  1:13  Barracks  
  15  1:17  SCV  
  16  1:29  SCV  
  17  1:41  SCV  
  18  1:53  Refinery  
  18  1:56  Refinery  
  18  2:00  Marine  
  19  2:03  Orbital Command  
  19  2:11  Bunker  
  19  2:13  Orbital Command  
  19  2:29  SCV  
  20  2:33  Marine  
  21  2:39  SCV  
  22  2:47  Supply Depot  
  22  2:51  Refinery  
  22  2:53  SCV x2  
  22  2:54  Marine  
  25  3:02  Factory  
  25  3:05  SCV x2  
  27  3:12  Factory  
  27  3:23  Barracks Tech Lab, SCV x2  
  29  3:37  Factory  
  29  3:40  SCV  
  30  4:00  Factory Tech Lab  
  30  4:01  Siege Tank  
  33  4:11  Supply Depot  
  33  4:16  SCV x2, Supply Depot  
  35  4:20  Siege Tank  
  38  4:28  SCV x2  
  38  4:30  Refinery  
  40  4:33  Factory Reactor  
  40  4:45  SCV x2  
  42  4:46  Engineering Bay  
  42  4:53  Armory  
  39  5:06  SCV x2  
  40  5:18  SCV x2  
  42  5:31  SCV  
  42  5:32  SCV  
  44  5:41  Siege Tank x2  
  44  5:42  Hellion x2  
  54  5:47  Factory  
  54  5:48  Terran Vehicle Weapons Level 1  
  54  5:53  Missile Turret, SCV  
  54  5:54  SCV  
  56  6:00  Supply Depot  
  56  6:03  Supply Depot  
  56  6:05  Supply Depot  
  56  6:07  SCV x2  
  58  6:15  Hellbat x2, Hellion x2  
  62  6:21  SCV x2  
  64  6:26  Supply Depot  
  64  6:28  Supply Depot  
  64  6:31  Thor  
  64  6:32  Factory Tech Lab, Supply Depot  
  70  6:33  Siege Tank  
  70  6:36  Hellbat  
  75  6:43  SCV x2  
  77  7:14  Starport  
  77  7:19  Command Center  
  77  7:22  Siege Tank x3  
  86  7:24  Hellbat x2  
  90  7:36  Supply Depot  
  90  7:38  Supply Depot  
  90  7:40  Supply Depot  
  90  7:43  Terran Vehicle And Ship Armor Level 1  
  90  7:52  Hellion x2  
  90  7:54  Thor  
  100  8:07  Hellion x2  
  96  8:19  Siege Tank x2  
  80  8:20  Hellbat, Hellion  
  80  8:26  Starport Reactor  
  84  8:36  Hellion  
  84  8:39  Siege Tank  
  87  8:41  Hellbat  
  87  8:42  Hellbat  
  91  8:49  SCV x2  
  91  8:51  Siege Tank x2  
  96  9:03  Hellbat x2  
  98  9:11  Siege Tank  
  98  9:23  Viking x2  
  99  9:24  Planetary Fortress  
  99  9:28  SCV x2  
  101  9:48  Terran Vehicle Weapons Level 2  
  101  10:02  Missile Turret  
  101  10:07  Refinery  
  101  10:13  Refinery, SCV x3  
  104  10:16  Siege Tank  
  104  10:17  Siege Tank x2  
  104  10:18  Hellbat x2  
  104  10:20  Missile Turret  
  117  10:35  Sensor Tower  
  117  10:45  SCV x2  
  117  10:46  SCV  
  124  10:50  Hellbat x2, Thor x2  
  124  10:52  Siege Tank  
  139  10:59  Supply Depot x2  
  139  11:24  Supply Depot  
  139  11:27  Supply Depot  
  104  13:02  Supply Depot  
  104  13:03  Supply Depot  
  104  13:07  Supply Depot  
  104  13:08  Supply Depot  
  104  13:20  Hellbat x2  
  104  13:21  Thor  
  104  13:23  Thor x2  
  126  13:53  Command Center  
Show
View Real Time Build Order
Export as new Build Order

fKingTards Zerg - Winner!

Build Orders: Hatch First 

Get SALT Encoding   

  12  0:02  Drone  
  13  0:13  Overlord  
  13  0:18  Drone  
  14  0:31  Drone x2  
  14  0:35  Drone  
  17  0:57  Hatchery, Drone  
  17  1:02  Extractor  
  17  1:03  Drone  
  17  1:17  Spawning Pool  
  16  1:21  Drone  
  17  1:26  Drone  
  17  1:31  Overlord  
  18  1:40  Drone  
  19  1:52  Drone  
  20  2:03  Queen  
  20  2:04  Metabolic Boost  
  22  2:09  Queen  
  24  2:16  Drone  
  24  2:17  Drone  
  24  2:19  Drone  
  27  2:24  Drone  
  27  2:26  Drone  
  29  2:35  Drone x2  
  31  2:41  Queen  
  33  2:46  Overlord  
  33  2:54  Pneumatized Carapace  
  33  2:58  Drone x2  
  35  3:01  Overlord  
  35  3:07  Drone x2  
  37  3:13  Drone  
  37  3:14  Drone x3  
  41  3:21  Lair  
  41  3:25  Extractor  
  40  3:27  Zergling x2  
  40  3:28  Zergling x4  
  40  3:30  Zergling x2  
  44  3:38  Drone x2  
  46  3:47  Drone  
  46  3:48  Drone  
  48  3:58  Roach Warren  
  47  4:05  Drone  
  47  4:06  Drone x4  
  52  4:12  Overlord x2  
  52  4:22  Hatchery  
  52  4:23  Extractor  
  50  4:24  Extractor  
  50  4:30  Evolution Chamber  
  48  4:33  Drone x5  
  48  4:34  Evolution Chamber, Drone  
  53  4:40  Drone x3  
  53  4:41  Drone  
  53  4:42  Glial Reconstitution  
  53  5:18  Spire  
  53  5:19  Roach x8  
  68  5:24  Zerg Ground Armor Level 1, Zerg Missile Weapons Level 1  
  68  5:30  Overlord  
  68  5:31  Overlord  
  68  5:33  Overseer  
  68  5:38  Extractor  
  68  5:40  Roach x2  
  71  5:42  Extractor  
  71  5:45  Queen  
  71  5:46  Spore Crawler  
  71  5:47  Overlord x2  
  71  5:54  Drone  
  73  5:57  Drone x5  
  73  5:59  Drone  
  73  6:00  Drone  
  79  6:09  Roach  
  79  6:10  Roach x2  
  85  6:14  Roach x2  
  85  6:16  Roach  
  91  6:21  Ravager x5  
  91  6:23  Ravager  
  97  6:31  Drone x6  
  103  6:38  Drone x2  
  105  6:58  Ravager  
  105  7:01  Overlord x4  
  106  7:15  Hatchery  
  106  7:19  Zerg Missile Weapons Level 2, Zerg Ground Armor Level 2  
  105  7:28  Roach, Infestation Pit  
  105  7:29  Roach x9  
  124  7:30  Roach  
  124  7:33  Ravager x3  
  124  7:36  Ravager  
  130  7:42  Drone x2  
  130  7:43  Drone x4  
  136  7:48  Drone  
  136  7:49  Drone  
  106  8:21  Roach  
  106  8:22  Roach x15  
  106  8:25  Overlord x3  
  85  9:18  Roach x11  
  85  9:19  Roach x6  
  107  9:36  Mutalisk  
  107  9:37  Mutalisk x4  
  117  9:54  Extractor  
  117  9:56  Extractor  
  117  9:57  Mutalisk x2  
  117  9:58  Mutalisk x6  
  131  10:04  Queen  
  131  10:06  Queen  
  135  10:12  Zerg Flyer Weapons Level 1  
  135  10:20  Drone  
  136  10:21  Drone  
  136  10:22  Drone x6  
  143  10:29  Hatchery  
  143  10:33  Mutalisk x4  
  143  10:34  Mutalisk x3  
  156  10:48  Hatchery  
  155  11:00  Mutalisk  
  155  11:01  Mutalisk x5  
  167  11:04  Hatchery  
  166  11:24  Extractor  
  165  11:27  Extractor  
  164  11:35  Mutalisk  
  164  11:36  Mutalisk x2  
  156  11:40  Overlord  
  156  11:41  Overlord x8  
  156  11:42  Overlord x2  
  152  11:55  Hive  
  148  12:22  Mutalisk  
  148  12:23  Mutalisk x12  
  148  12:26  Zergling x10  
  148  12:27  Zergling x28  
  181  12:59  Mutalisk  
  181  13:00  Mutalisk x7  
Tags
 
Add a new tag
Caveats
  • Supply blocks, unpowered buildings, or Contaminate may cause inaccurate times.
  • Supply counts are checked every 10 seconds.